 Dungeon Crawl Stone Soup version 0.14.0-7-g2801ba0 (webtiles) character file.

11526 Heini the Basher (level 11, -4/153 HPs)
             Began as a Minotaur Berserker on Apr 12, 2014.
             Was the Champion of Trog.
             Slain by an ettin
             ... wielding a +0,+0 dire flail
              (32 damage)
             ... on Level 3 of the Orcish Mines on Apr 13, 2014.
             The game lasted 01:08:39 (12276 turns).

Heini the Basher (Minotaur Berserker)              Turns: 12276, Time: 01:08:40

HP  -4/153       AC 21     Str 32      XL: 11   Next: 38%
MP   5/5         EV  8     Int  4      God: Trog [******]
Gold 930         SH  0     Dex 13      Spells:  0 memorised, 10 levels left

rFire  . . .     SeeInvis +     x - +0,+1 great mace (protect)
rCold  . . .     Clarity  .     D - +1 plate armour
rNeg   + . .     Conserve .     (no shield)
rPois  .         rCorr    .     (helmet restricted)
rElec  +         rRot     .     (no cloak)
SustAb . .       Spirit   .     (no gloves)
rMut   .         Warding  +     (no boots)
Saprov . . .     Stasis   .     L - amulet of warding
MR     .....                    q - +1 ring of dexterity
                                y - ring of Pnuil {rElec Str+4 SInv}

@: berserking, lethally poisoned, very quick, not resistant to hostile
enchantments, extremely unstealthy
A: retaliatory headbutt, horns 2
a: Burn Spellbooks, Berserk, Trog's Hand, Brothers in Arms, Renounce Religion


You were on level 3 of the Orcish Mines.
You worshipped Trog.
Trog was exalted by your worship.
You were not hungry.

You visited 3 branches of the dungeon, and saw 14 of its levels.

You collected 930 gold pieces.

Inventory:

Hand weapons
 n - a +2,+1 morningstar of crushing
 x - a +0,+1 great mace of protection (weapon)
 F - a +1,+4 anti-magic dire flail
 U - the +0,+3 broad axe of Trog's Condemnation {chop, rElec, unknown}
   (Trog gifted it to you on level 3 of the Orcish Mines)

   It inflicts extra damage upon your enemies.
   It insulates you from electricity.
Missiles
 j - 29 stones (quivered)
Armour
 D - a +1 plate armour (worn)
Magical devices
 a - a wand of draining (12)
 b - a wand of fireball (5)
 o - a wand of flame (11)
 v - a wand of polymorph (0)
 A - a wand of random effects (13)
 B - a wand of flame (9)
 C - a wand of flame (10)
 I - a wand of random effects (4)
 K - a wand of confusion (14)
 R - a wand of magic darts (12) {unknown}
 S - a wand of enslavement (17) {unknown}
Comestibles
 c - 10 bread rations
 g - 3 meat rations
 k - a rotting chunk of wolf flesh
 G - 2 apples
 H - an apricot
Scrolls
 d - 8 scrolls of teleportation
 r - a scroll of fog
 s - 3 scrolls of magic mapping
 u - 2 scrolls of remove curse
 N - a scroll of random uselessness
 O - a scroll of immolation
Jewellery
 f - a +3 ring of intelligence
 q - a +1 ring of dexterity (right hand)
 y - the ring of Pnuil (left hand) {rElec Str+4 SInv}
   (You found it on level 4 of the Dungeon)

   [ring of strength]

   It affects your strength (+4).
   It insulates you from electricity.
   It enhances your eyesight.
 L - an amulet of warding (around neck)
 P - an uncursed ring of regeneration
Potions
 e - 7 potions of curing
 h - 2 potions of resistance
 i - a potion of confusion {unknown}
 l - a potion of lignification {unknown}
 m - 2 potions of flight {unknown}
 p - a potion of invisibility {unknown}
 w - 2 potions of berserk rage {unknown}
 z - a potion of restore abilities {unknown}
 E - 2 potions of might {unknown}
 Q - a potion of poison {unknown}
Miscellaneous
 T - a lamp of fire


   Skills:
 * Level 11.4 Fighting
 * Level 14.2 Maces & Flails
 * Level 11.4 Armour
 - Level 2.4 Dodging
   Level 2.4 Shields
 + Level 1.0 Evocations


You had 10 spell levels left.
You didn't know any spells.

Dungeon Overview and Level Annotations

Branches:
Dungeon (9/15)             Temple (1/1) D:4             Orc (4/4) D:9
    Elf (0/3) Orc:4          Lair (0/8) D:9

Altars:
Ashenzari
Cheibriados
Dithmenos
Elyvilon
Fedhas
Kikubaaqudgha
Makhleb
Nemelex Xobeh
Okawaru
Sif Muna
Trog
Vehumet
Xom
Yredelemnul
Zin
The Shining One

Shops:
D:5 (   D:7 *   D:9 *   Orc:3 ?


Innate Abilities, Weirdness & Mutations

You reflexively headbutt those who attack you in melee.
You have a pair of horns on your head.


Message History

You are poisoned.
The orc hits you but does no damage. x3
The ettin hits you with a dire flail!
* * * LOW HITPOINT WARNING * * *
The ettin hits you but does no damage. The orc warrior completely misses you.
You furiously retaliate!
You headbutt the orc warrior. The orc hits you but does no damage.
Drink which item? (? for menu, Esc to quit)
Okay, then.
Use which ability? (? or * to list)
A red film seems to cover your vision as you go berserk!
You feel yourself moving faster!
You feel mighty!
You feel somewhat more hungry.
You feel sick. The orc hits you but does no damage.
You are more poisoned.
The orc hits you but does no damage. x2
The orc hits you with a trident.
* * * LOW HITPOINT WARNING * * *
The ettin hits you with a dire flail!
You die...

#........######)..#
###.#.....#.##....#####
#####......#...#..#.## ###
####..#.#..........####.##
##.#.#.#....#........#....#
###.....<....##.......#....##
##.##.........#.............# ###
#..............ooo)........####.#
##.##.#......>.o@o)..#.#.#.###...
###...........oC%#.###.....###.#
##.##.......###.)####.#.###...
#######......'∩#...####### ##)#
##.######.....###.....#..####...
#...##.#...................##..#
###.##..........................#
.##.##..........#........##.#...#
........##.......#.##.#.######.##


You could see an ettin, an orc warrior (frenzied) and 5 orcs.

Vanquished Creatures
  Pikel (D:7)
  An orc sorcerer (Orc:1)
  2 trolls
  A fire drake (D:9)
  A deep elf mage (D:9)
  A two-headed ogre (D:9)
  Prince Ribbit (D:6)
  4 yaks (D:9)
  A hippogriff (D:7)
  Grum (Orc:3)
  4 wargs
  The ghost of Lapajee the Shield-Bearer, an average GrFi (D:4)
  10 wolves
  4 necrophages (D:6)
  A soldier ant (D:7)
  7 orc warriors
  4 sky beasts
  2 ogres
  A phantom (D:5)
  A water moccasin (D:6)
  6 centaurs
  A slave (D:7)
  A big kobold (D:8)
  8 giant frogs
  14 killer bees
  5 crimson imps
  3 goliath beetles
  3 hounds
  4 iguanas
  An elf zombie (D:8)
  14 orc priests
  25 orc wizards
  A jelly (D:7)
  4 worker ants
  Ijyb (D:2)
  A hound zombie (D:6)
  7 gnolls
  An orc zombie (D:6)
  9 adders
  3 shadow imps
  3 worms
  A giant eyeball (D:9)
  4 giant geckos
  154 orcs
  2 bat skeletons
  8 giant cockroaches
  18 goblins
  19 hobgoblins
  7 jackals
  21 kobolds
  7 quokkas
  A ball python (D:3)
  16 bats
  3 giant newts
  A giant spore (D:8)
  A goblin zombie (D:5)
  A hobgoblin skeleton (D:9)
  A hobgoblin zombie (D:6)
  4 orc skeletons
  11 rats
  2 ballistomycetes (D:8)
  A bush (D:6)
447 creatures vanquished.

Vanquished Creatures (others)
  A hobgoblin (D:2)
  A giant spore (D:8)
  A ballistomycete (D:8)
  3 plants (D:6)
6 creatures vanquished.

Grand Total: 453 creatures vanquished

Notes
Turn   | Place    | Note
--------------------------------------------------------------
     0 | D:1      | Heini, the Minotaur Berserker, began the quest for the Orb.
     0 | D:1      | Reached XP level 1. HP: 19/19 MP: 1/1
   465 | D:1      | Reached XP level 2. HP: 17/27 MP: 1/1
   696 | D:1      | Reached skill level 4 in Maces & Flails
   851 | D:1      | Acquired Trog's second power
  1216 | D:2      | Reached XP level 3. HP: 24/33 MP: 2/2
  1562 | D:2      | Noticed Ijyb
  1577 | D:2      | Killed Ijyb
  1607 | D:2      | Reached XP level 4. HP: 37/40 MP: 2/2
  1887 | D:3      | Reached skill level 5 in Maces & Flails
  2573 | D:3      | Reached XP level 5. HP: 42/47 MP: 2/2
  3006 | D:4      | Found an ancient bone altar of Kikubaaqudgha.
  3194 | D:4      | Noticed Lapajee's ghost (average GrFi)
  3208 | D:4      | Killed Lapajee's ghost
  3208 | D:4      | Reached skill level 5 in Fighting
  3208 | D:4      | Reached skill level 6 in Maces & Flails
  3208 | D:4      | Reached XP level 6. HP: 44/56 MP: 3/3
  3405 | D:4      | Found a staircase to the Ecumenical Temple.
  3420 | Temple   | Entered the Ecumenical Temple
  3918 | D:4      | Noticed a sky beast
  3923 | D:4      | Killed a sky beast
  3991 | D:4      | Reached skill level 5 in Armour
  4259 | D:4      | Got a sparkling jade ring
  4384 | D:4      | Reached XP level 7. HP: 56/62 MP: 3/3
  4394 | D:4      | Found a shimmering altar of Xom.
  4407 | D:4      | Reached skill level 7 in Maces & Flails
  4441 | D:4      | Paralysed by a crimson imp for 2 turns
  4676 | D:5      | Entered Level 5 of the Dungeon
  4699 | D:5      | Found Twowir's Weapon Emporium.
  4798 | D:5      | Found a shadowy altar of Dithmenos.
  4807 | D:5      | Found a blossoming altar of Fedhas.
  5194 | D:5      | Acquired Trog's third power
  5238 | D:5      | Reached XP level 8. HP: 38/70 MP: 3/3
  5386 | D:5      | Identified the ring of Pnuil {rElec Str+4 SInv} (You found it on level 4 of the Dungeon)
  5444 | D:5      | Reached skill level 8 in Maces & Flails
  5599 | D:6      | Found a snail-covered altar of Cheibriados.
  5832 | D:6      | Found a blossoming altar of Fedhas.
  5996 | D:6      | Noticed Prince Ribbit
  6002 | D:6      | Killed Prince Ribbit
  6002 | D:6      | Reached skill level 9 in Maces & Flails
  6042 | D:6      | Found a basalt altar of Yredelemnul.
  6222 | D:6      | Reached XP level 9. HP: 78/80 MP: 4/4
  6471 | D:7      | Found a shattered altar of Ashenzari.
  6806 | D:7      | Noticed Pikel
  6819 | D:7      | Killed Pikel
  6819 | D:7      | Reached skill level 10 in Maces & Flails
  6819 | D:7      | Reached skill level 10 in Armour
  6819 | D:7      | Reached skill level 1 in Shields
  7152 | D:7      | Reached skill level 1 in Evocations
  7415 | D:7      | Found Oceoso's Assorted Antiques.
  7463 | D:7      | Reached skill level 11 in Maces & Flails
  7745 | D:8      | Received a gift from Trog
  7782 | D:8      | Reached XP level 10. HP: 86/91 MP: 5/5
  8703 | D:9      | Found a staircase to the Lair.
  8838 | D:9      | Received a gift from Trog
  8871 | D:9      | Found Zin's Purification Station.
  8871 | D:9      | Found a glowing silver altar of Zin.
  8875 | D:9      | Reached skill level 10 in Fighting
  8875 | D:9      | Reached skill level 12 in Maces & Flails
  8883 | D:9      | Paralysed by a giant eyeball for 4 turns
  9059 | D:9      | Found a bloodstained altar of Trog.
  9374 | D:9      | Found a staircase to the Orcish Mines.
  9380 | D:9      | Received a gift from Trog
  9591 | Orc:1    | Entered Level 1 of the Orcish Mines
  9870 | Orc:2    | Reached skill level 13 in Maces & Flails
 10013 | Orc:2    | Reached XP level 11. HP: 101/101 MP: 1/5
 10125 | Orc:3    | Found Brax's Magic Scroll Shoppe.
 10130 | Orc:3    | Received a gift from Trog
 10322 | Orc:3    | Got an ivory broad axe {god gift}
 11260 | Orc:2    | Received a gift from Trog
 11367 | Orc:1    | Noticed an orc sorcerer
 11376 | Orc:1    | Killed an orc sorcerer
 11721 | Orc:2    | Reached skill level 14 in Maces & Flails
 11894 | Orc:4    | Entered Level 4 of the Orcish Mines
 11894 | Orc:4    | Found a staircase to the Elven Halls.
 11894 | Orc:4    | Noticed Grum
 11899 | Orc:4    | Noticed an ettin
 11922 | Orc:3    | Received a gift from Trog
 12037 | Orc:3    | Killed Grum
 12276 | Orc:3    | Slain by an ettin

Action                   |  1- 3 |  4- 6 |  7- 9 | 10-12 || total
-------------------------+-------+-------+-------+-------++-------
Melee: Mace              |    85 |    84 |       |       ||   169
       Morningstar       |       |    44 |   370 |    95 ||   509
       Dire flail        |       |       |       |   368 ||   368
       Great mace        |       |       |       |     9 ||     9
Invok: Berserk           |       |     1 |     2 |     6 ||     9
       Burn Spellbooks   |       |       |       |     2 ||     2
Evoke: Wand              |       |       |     5 |       ||     5
  Use: Scroll            |       |       |     9 |    10 ||    19
       Potion            |       |       |       |     1 ||     1
 Stab: Distracted        |       |       |       |     1 ||     1
